[Event "*** Titled Tuesday Blitz"]
[Site "Chess.com"]
[Date "2020.04.28"]
[Round "8"]
[White "jaskol95"]
[Black "martinique24"]
[Result "1-0"]
[WhiteElo "2289"]
[BlackElo "2422"]
[TimeControl "180+1"]
[EndTime "11:35:47 PDT"]
[Termination "jaskol95 won by checkmate"]

1. d4 f5 2. Nf3 d6 3. c4 Nf6 4. Nc3 g6 5. g3 Bg7 6. Bg2 O-O 7. O-O c6 8. b4 Na6 9. a3 Nc7 10. Qb3 Kh8 11. Bb2 Qe8 12. d5 e5 13. dxe6 Bxe6 14. Nd2 Bg8 15. e4 f4 16. gxf4 Nh5 17. f5 gxf5 18.
exf5 Rxf5 19. Nce4 Ne6 20. Nxd6 Qg6 21. Nxf5 Qxf5 22.
Bxg7+ Nhxg7 23. Kh1 Nf4 24. Be4 Qh5 25. Qf3 Qh6 26. Rg1 Rf8 27. Qe3 Qh4 28. Rg3 Rf6 29.
Rag1 Rh6 30. Nf3 Qh5 31. Rxg7 Ng6 32. Bxg6 hxg6 33. Qc3 Bxc4 34. R7xg6+ Qe5 35. Qxe5+ Kh7 36. Qg7# 1-0

[Event "*** Titled Tuesday Blitz"]
[Site "Chess.com"]
[Date "2020.04.28"]
[Round "8"]
[White "Izoria123"]
[Black "Man-Chuk"]
[Result "0-1"]
[WhiteElo "2821"]
[BlackElo "2751"]
[TimeControl "180+1"]
[EndTime "11:35:48 PDT"]
[Termination "Man-Chuk won on time"]

1. Nf3 d5 2. d4 Nf6 3. c4 e6 4. Nc3 Bb4 5. e3 O-O 6. Bd3 c5 7. cxd5 exd5 8. O-O c4 9. Bc2 Nc6 10. Ne5 Re8 11. f4 Ne7 12. Bd2 Bxc3 13. Bxc3 Bf5 14.
Ba4 Bd7 15. Bc2 Bf5 16. Ba4 Bd7 17. Bc2 Nf5 18. Qf3 a5 19. a4 Nd6 20. f5 Nfe4 21. Qf4 f6 22. g4 Nxc3 23. bxc3 fxe5 24. dxe5 Ne4 25. Bxe4 dxe4 26. e6 Bc6 27. Rad1 Qh4 28. g5 Qxf4 29. exf4 g6 30. Rd6 gxf5 31. Kf2 Rad8 32.
Rfd1 Rxd6 33. Rxd6 Kf8 34. h4 Ke7 35. Rd4 Bxa4 36.
Rxc4 Bc6 37. Rc5 a4 38. Rxf5 Ra8 39. Rf6 a3 40. f5 a2 41. Rf7+ Kd6 0-1

[Event "*** Titled Tuesday Blitz"]
[Site "Chess.com"]
[Date "2020.04.28"]
[Round "8"]
[White "KingCrusher275"]
[Black "Mikedannnn"]
[Result "1-0"]
[WhiteElo "2358"]
[BlackElo "2497"]
[TimeControl "180+1"]
[EndTime "11:35:48 PDT"]
[Termination "KingCrusher275 won by resignation"]

1. d4 g6 2. c4 Bg7 3. Nc3 c5 4. d5 d6 5. e4 e6 6. Nf3 Ne7 7. Be2 O-O 8. O-O h6 9. Bf4 g5 10. Be3 Ng6 11. dxe6 Bxe6 12. Qd2 Nc6 13. Rad1 g4 14.
Ne1 Nd4 15. Nd5 Qh4 16. g3 Qh3 17. Ng2 Bxd5 18. exd5 Nf3+ 19. Bxf3 gxf3 20. Ne1 Ne5 21. Qc2 Qh5 22. Bf4 Ng6 23. Bxd6 Rfe8 24. Qd3 Bd4 25. Nxf3 Ne5 26. Bxe5 Bxe5 27. Nxe5 Qxe5 28. Qd2 Kh7 29. Rde1 Qf5 30. Re3 Re5 31. Rfe1 Rae8 32.
Rxe5 Rxe5 33. Rxe5 Qxe5 34. Qe3 Qxb2 35. Qxc5 Qxa2 36. d6 Qb1+ 37. Kg2 Qe4+ 38. Kf1 Qb1+ 39. Ke2 Qe4+ 40. Kd2 Qe6 41. Qd5 Qf6 42. d7 Qxf2+ 43.
Kc3 Qe3+ 44. Kb4 Qe1+ 45. Kc5 Qe7+ 46. Qd6 Qe3+ 47. Kb5 Qb3+ 48. Kc5 Qe3+ 49. Kd5 Qd3+ 50. Ke5 Qe3+ 51. Kf6 Qg5+ 52. Kxf7 Qg7+ 53. Ke8 Qg8+ 54. Qf8 Qxc4 55. d8=Q 1-0

[Event "*** Titled Tuesday Blitz"]
[Site "Chess.com"]
[Date "2020.04.28"]
[Round "8"]
[White "GoValya"]
[Black "indfraeng"]
[Result "1-0"]
[WhiteElo "2156"]
[BlackElo "2248"]
[TimeControl "180+1"]
[EndTime "11:35:48 PDT"]
[Termination "GoValya won by resignation"]

1. d4 d5 2. Nf3 Nf6 3. g3 c5 4. Bg2 cxd4 5. Nxd4 e5 6. Nb3 Nc6 7. Bg5 Be6 8. O-O h6 9. Bxf6 gxf6 10. N1d2 Bg7 11. Nc5 b6 12. Nxe6 fxe6 13. e4 O-O 14.
exd5 exd5 15. c4 Ne7 16. cxd5 Qd6 17. Ne4 Qb4 18. d6 Nf5 19. Nc3 Rad8 20. d7 Nd4 21. Nd5 Qxb2 22. Qg4 Qb5 23. Ne7+ Kf7 24. Qg6+ Kxe7 25.
Qxg7+ Kd6 26. Rad1 Qxd7 27. Qxh6 Kc7 28. Qe3 Qf5 29.
Be4 Qh3 30. Rc1+ Kb8 31. Qd3 Rh8 32. Rfd1 Qxh2+ 33. Kf1 Qh3+ 34. Bg2 Qf5 35. Qa6 Nf3 36. Qc4 Rc8 37. Qd5 Rxc1 38. Rxc1 Rc8 39. Rxc8+ Qxc8 40. Bxf3 Qc1+ 41. Kg2 Kc7 42. Qb7+ Kd6 43. Qxa7 Kc5 44.
Qc7+ 1-0

[Event "*** Titled Tuesday Blitz"]
[Site "Chess.com"]
[Date "2020.04.28"]
[Round "8"]
[White "GamayevOleg"]
[Black "garicradomir"]
[Result "0-1"]
[WhiteElo "2503"]
[BlackElo "2378"]
[TimeControl "180+1"]
[EndTime "11:35:49 PDT"]
[Termination "garicradomir won by resignation"]

1. d3 Nf6 2. e4 e5 3. Nf3 Nc6 4. Be2 d5 5. Nbd2 Bd6 6. c3 O-O 7. O-O Re8 8. a4 a5 9. h3 h6 10.
Re1 b6 11. Qc2 Bb7 12. Bf1 Qd7 13.
exd5 Nxd5 14. Nc4 Rad8 15. Bd2 Qf5 16. Rad1 Nf4 17. Bxf4 Qxf4 18. Ncd2 Bf8 19. g3 Qf5 20. Nh4 Qc8 21. Bg2 Nb8 22. Nc4 Bxg2 23. Nxg2 Nd7 24.
Qe2 Nc5 25. Qc2 Qxh3 26. Rxe5 Rxe5 27. Nxe5 Qf5 28. Nc6 Rxd3 29. Rxd3 Qxd3 30. Qxd3 Nxd3 31. b3 Nc5 32. Nd4 Be7 33. Ne3 Bf6 34. Nec2 Ne4 35. c4 Nc5 36. f3 h5 37. Kf2 g5 38. Ke3 Kh7 39. b4 axb4 40. Nxb4 Bxd4+ 41. Kxd4 Nxa4 42. Nd5 h4 43. gxh4 gxh4 44. Ke3 c6 45. Ne7 c5 46. Nd5 Kg6 47. Kf4 h3 48. Kg3 Kf5 49. Kxh3 Ke5 50. Kg4 Kd4 51. Nc7 Kxc4 52. Ne8 Kd5 53. Kf5 b5 54. Nf6+ Kd4 55. Ne4 c4 56. Kf6 c3 57. Kxf7 c2 58. Ng3 Nc3 59. f4 c1=Q 60. f5 Qf4 0-1

[Event "*** Titled Tuesday Blitz"]
[Site "Chess.com"]
[Date "2020.04.28"]
[Round "8"]
[White "picturesquecheck"]
[Black "Spring199"]
[Result "1-0"]
[WhiteElo "2163"]
[BlackElo "2377"]
[TimeControl "180+1"]
[EndTime "11:35:49 PDT"]
[Termination "picturesquecheck won by checkmate"]

1. e4 e5 2. Nf3 Nc6 3. Bb5 a6 4.
Ba4 Nf6 5. O-O Be7 6. Re1 b5 7. Bb3 O-O 8. a4 Rb8 9. axb5 axb5 10. d4 Nxd4 11. Nxd4 exd4 12. e5 Ne8 13. Qxd4 c5 14. Qe3 c4 15. Ba2 d6 16. exd6 Bxd6 17. Nc3 Nf6 18. Qg5 Qc7 19. h3 h6 20. Qh4 b4 21.
Nd1 b3 22. Bb1 Nh7 23. cxb3 cxb3 24. Nc3 Be6 25. Bxh6 Be7 26. Bxh7+ Kh8 27. Qh5 gxh6 28. Qxh6 Bg5 29. Qxg5 Kxh7 30. Qh5+ Kg7 31. Qg5+ Kh7 32. Ne4 f5 33. Nf6+ Rxf6 34. Qxf6 Bf7 35. Re7 Ra8 36. Rxf7+ Kg8 37. Qg7# 1-0

[Event "*** Titled Tuesday Blitz"]
[Site "Chess.com"]
[Date "2020.04.28"]
[Round "8"]
[White "tigra"]
[Black "Volovier"]
[Result "1/2-1/2"]
[WhiteElo "2773"]
[BlackElo "2630"]
[TimeControl "180+1"]
[EndTime "11:35:50 PDT"]
[Termination "Game drawn - insufficient material"]

1. e4 d5 2. exd5 Nf6 3. Nf3 Qxd5 4. Nc3 Qa5 5. d4 Bg4 6. h3 Bh5 7. g4 Bg6 8. Ne5 c6 9. Bg2 Nbd7 10. Qe2 Nxe5 11.
dxe5 Nd5 12. Bd2 Qc5 13. Nxd5 cxd5 14. c4 e6 15. cxd5 exd5 16. Rc1 Qb6 17. Bxd5 Bb4 18. O-O Bxd2 19. Qxd2 O-O 20. Rfd1 Rfd8 21. Qc3 h5 22. b3 hxg4 23. hxg4 a5 24. Qe3 Qxe3 25. fxe3 a4 26. bxa4 Re8 27. Bxb7 Rxa4 28. Bc6 Rxg4+ 29.
Kf2 Rxe5 30. Rd8+ Kh7 31. Bf3 Rh4 32. Rcc8 Bf5 33. Rh8+ Kg6 34. Rc6+ Kg5 35. Rxh4 Kxh4 36. a4 Be6 37. Rb6 Kg5 38. Rb5 Kf6 39. Rxe5 Kxe5 40. a5 Bc8 41. Bc6 f5 42. Kf3 g5 43. Bb5 g4+ 44.
Kg3 Ke4 45. Kf2 g3+ 46. Ke2 Bb7 47. a6 Ba8 48. Bd7 f4 49. exf4 Kxf4 50. Bc8 Bc6 51. Ke1 Ke5 52. Bb7 Kd6 53. Ke2 Bxb7 54. axb7 Kc7 55.
Kf3 Kxb7 56. Kxg3 1/2-1/2

[Event "*** Titled Tuesday Blitz"]
[Site "Chess.com"]
[Date "2020.04.28"]
[Round "8"]
[White "DanielTitichoca"]
[Black "benko_008"]
[Result "1-0"]
[WhiteElo "2349"]
[BlackElo "2490"]
[TimeControl "180+1"]
[EndTime "11:35:50 PDT"]
[Termination "DanielTitichoca won on time"]

1. c4 c5 2. Nf3 b6 3. g3 Bb7 4. Bg2 e6 5. O-O Nf6 6. b3 Be7 7. Bb2 O-O 8. Nc3 a6 9. e3 d6 10. d4 Ne4 11. d5 Nxc3 12. Bxc3 e5 13. e4 b5 14. Nd2 Nd7 15. Qe2 b4 16. Bb2 a5 17. f4 a4 18. Bh3 a3 19. Bc1 exf4 20. gxf4 Bf6 21. Rb1 Bd4+ 22. Kh1 Qh4 23. Bxd7 Rad8 24.
Bc6 Bc8 25. Nf3 Bg4 26. Nxh4 Bxe2 27. Bd2 Bd3 28. Rbe1 g6 29. Nf3 Bb2 30. e5 f5 31.
e6 Rfe8 32. Bxe8 Rxe8 33. Ng5 Kf8 34. Nf7 Ke7 35. Rf3 Bc2 36. Rh3 h5 37. Be3 Rc8 38. Bf2 Be4+ 39. Kg1 Bf6 40. Bh4 Bxh4 41. Rxh4 Bxd5 42.
cxd5 c4 43. bxc4 Rxc4 44. Nxd6 Rc2 45. Nb5 b3 46. d6+ Kf6 47. e7 1-0

[Event "*** Titled Tuesday Blitz"]
[Site "Chess.com"]
[Date "2020.04.28"]
[Round "8"]
[White "Alopekos"]
[Black "LizaSolovyova"]
[Result "0-1"]
[WhiteElo "2397"]
[BlackElo "2543"]
[TimeControl "180+1"]
[EndTime "11:35:51 PDT"]
[Termination "LizaSolovyova won by resignation"]

1. e4 e5 2. Nf3 d6 3. d4 Qe7 4. Nc3 c6 5. a4 a5 6. Bc4 h6 7. O-O Nf6 8. b3 Qc7 9. Bb2 Bg4 10. dxe5 dxe5 11. h3 Bxf3 12. Qxf3 Nbd7 13. Rad1 Bc5 14. Ne2 Nb6 15. Ng3 Nxc4 16. bxc4 Nd7 17. Nh5 Rg8 18.
Qf5 O-O-O 19. Qxf7 g6 20. Nf6 Rgf8 21. Qxd7+ Rxd7 22. Nxd7 Qxd7 23. Rxd7 Kxd7 24. Bxe5 Ke6 25. Bg3 Rd8 26.
Kh2 Rd2 27. f4 Rxc2 28. f5+ gxf5 29. exf5+ Kf7 30. Rb1 Bb4 31. Rd1 Rxc4 32. Rd7+ Kf6 33. Rxb7 Kxf5 34. Bc7 Bd2 35. Rb6 h5 36. g3 Rc2 37.
Kg1 Be3+ 38. Kf1 Bxb6 39. Bxb6 0-1

[Event "*** Titled Tuesday Blitz"]
[Site "Chess.com"]
[Date "2020.04.28"]
[Round "8"]
[White "FMalexhdez"]
[Black "CookiesAndIceCream"]
[Result "0-1"]
[WhiteElo "2108"]
[BlackElo "2365"]
[TimeControl "180+1"]
[EndTime "11:35:51 PDT"]
[Termination "CookiesAndIceCream won on time"]

1. e4 e6 2. d4 d5 3. Nd2 c5 4. Ngf3 cxd4 5. exd5 Qxd5 6. Bc4 Qd7 7.
O-O Nc6 8. Nb3 a6 9. Nbxd4 Nxd4 10.
Nxd4 Qc7 11. Bd3 Bd6 12. h3 Ne7 13. Re1 O-O 14. c4 e5 15. Nf3 f5 16. c5 Qxc5 17.
Be3 Qd5 18. Rc1 b5 19. Be2 Bb7 20. Qxd5+ Nxd5 21. Red1 Rfd8 22. Ng5 h6 23. Ne6 Re8 24. Nc5 Bxc5 25. Bxc5 Rac8 26. b4 Kf7 27. Rd2 Rcd8 28.
Rcd1 Rd7 29. Bh5+ g6 30. Bf3 e4 31. Be2 Red8 32. g3 Ke6 33. h4 Nc3 34. Rxd7 Nxe2+ 35. Kf1 Nxg3+ 36. fxg3 Rxd7 37. Rxd7 Kxd7 38. Bf8 h5 39.
Bh6 Ke6 40. Ke2 Kd5 41. Ke3 Kc4 42.
Bf8 Kc3 0-1

[Event "*** Titled Tuesday Blitz"]
[Site "Chess.com"]
[Date "2020.04.28"]
[Round "8"]
[White "Alexander_Donchenko"]
[Black "GukeshDommaraju"]
[Result "0-1"]
[WhiteElo "2858"]
[BlackElo "2766"]
[TimeControl "180+1"]
[EndTime "11:35:52 PDT"]
[Termination "GukeshDommaraju won by resignation"]

1. c4 Nf6 2. g3 e6 3. Bg2 d5 4. Nf3 dxc4 5. Qa4+ Nbd7 6. Qxc4 a6 7. Qc2 c5 8. a4 b6 9. O-O Bb7 10. d3 Bd6 11. Na3 O-O 12. Nc4 Bc7 13. d4 b5 14.
Ncd2 cxd4 15. axb5 e5 16. bxa6 Rxa6 17. Rxa6 Bxa6 18. Nc4 Qe7 19. b3 Rb8 20. Ba3 Qe8 21.
Rc1 h6 22. Nfd2 Qe6 23. Ne4 Nd5 24. Ra1 f5 25. Ned6 e4 26. Bh3 Bxc4 27. Bxf5 Qe5 28.
Qxc4 Bxd6 29. Bxd7 d3 30. Bb2 Qxb2 31. Qxd5+ Kh8 32. Re1 Bb4 33. exd3 Bxe1 34. Qf5 exd3 35. Qf4 Rg8 36. Be6 d2 37. Bxg8 d1=Q 38. Bc4 Bxf2+ 39.
Kg2 Be3+ 0-1

[Event "*** Titled Tuesday Blitz"]
[Site "Chess.com"]
[Date "2020.04.28"]
[Round "8"]
[White "aakankshachess"]
[Black "Berardino"]
[Result "1/2-1/2"]
[WhiteElo "2495"]
[BlackElo "2671"]
[TimeControl "180+1"]
[EndTime "11:35:52 PDT"]
[Termination "Game drawn by repetition"]

1. e4 c5 2. Nf3 b6 3. d4 cxd4 4. Nxd4 Bb7 5. Bd3 Nc6 6. Nxc6 Bxc6 7. O-O e6 8. c4 Bc5 9. Nc3 Qh4 10. a3 Nf6 11. Qf3 Ng4 12. h3 Ne5 13. Qe2 Nxd3 14. Qxd3 O-O 15. b4 Be7 16. Bb2 Rad8 17. Rad1 f5 18. exf5 Rxf5 19. Ne2 Rg5 20. Ng3 b5 21. c5 Rf8 22. Qd4 Qh6 23. Bc1 Bf6 24. Bxg5 Qxg5 25.
Qd2 Qg6 26. Qd3 Qg5 27. Ne4 Qh5 28. Nxf6+ Rxf6 29. Kh2 Rg6 30. Rg1 Rg5 31. Qe3 Rxg2+ 32. Rxg2 Qxd1 33. Rg1 Qd5 34. Qg3 Qd4 35. Qb8+ Kf7 36.
Qg3 h6 37. Re1 Kg8 38. Qb8+ Kh7 39. Qg3 Qb2 40. Rg1 Qd4 41. Qg6+ Kh8 42. Qe8+ Kh7 43. Qg6+ Kh8 44. Qg3 Qb2 45. Qb8+ Kh7 46. Qf4 Qxa3 47. Qe5 g5 48. Qf6 Qxb4 49. Qf7+ Kh8 50. Qf8+ Kh7 51.
Qf7+ Kh8 52. Qf8+ Kh7 53. Qf7+ 1/2-1/2

[Event "*** Titled Tuesday Blitz"]
[Site "Chess.com"]
[Date "2020.04.28"]
[Round "8"]
[White "Jeffinho023"]
[Black "Keks2017"]
[Result "0-1"]
[WhiteElo "2548"]
[BlackElo "2440"]
[TimeControl "180+1"]
[EndTime "11:35:53 PDT"]
[Termination "Keks2017 won by checkmate"]

1. d4 d6 2. Nf3 Nf6 3. Bf4 g6 4. e3 Bg7 5. h3 O-O 6. Bh2 c5 7. c3 Be6 8. Nbd2 Qb6 9. Rb1 Bxa2 10. Nc4 Qc7 11. Ra1 Bxc4 12. Bxc4 cxd4 13. Qxd4 e5 14. Qh4 e4 15. Nd2 Qe7 16. O-O d5 17. Bb3 Nc6 18. c4 d4 19. exd4 Nxd4 20. Bd1 Rfe8 21. Nb3 Nxb3 22.
Bxb3 e3 23. Rfe1 Qb4 24. Ba4 Re4 25. Qg3 exf2+ 26. Qxf2 Ng4 27. hxg4 Bd4 28. Rxe4 Bxf2+ 29. Kh1 Qxb2 30. Rf1 Bc5 31. Bd1 a5 32. Bf3 a4 33.
Re2 Qb4 34. Bd5 Rf8 35. Bf4 Kg7 36. g5 Bd6 37. Be3 Be5 38. Bd2 Qd6 39. Rf3 f6 40.
gxf6+ Rxf6 41. Rfe3 Rf1# 0-1

[Event "*** Titled Tuesday Blitz"]
[Site "Chess.com"]
[Date "2020.04.28"]
[Round "8"]
[White "Chuchofrio1"]
[Black "etserga"]
[Result "0-1"]
[WhiteElo "2243"]
[BlackElo "2472"]
[TimeControl "180+1"]
[EndTime "11:35:53 PDT"]
[Termination "etserga won on time"]

1. e4 d5 2. exd5 Qxd5 3. Nf3 g6 4. Be2 Bg7 5. O-O Nf6 6. Nc3 Qd8 7. d4 O-O 8. h3 a6 9. Bf4 b5 10. a3 Bb7 11. Qd2 Nc6 12. Rad1 Na5 13. Bh6 Qd6 14. Bf4 Qb6 15. b4 Nc4 16. Bxc4 bxc4 17. Ne5 Rad8 18. Be3 Nd5 19. Na4 Qb5 20. Nc3 Nxc3 21.
Qxc3 Bd5 22. Rfe1 f6 23. Nf3 Bxf3 24. gxf3 Qd5 25. Kg2 c6 26. Bf4 Rd7 27. Re2 Rfd8 28. Bg3 e5 29. Red2 exd4 30. Rxd4 Qxd4 31. Rxd4 Rxd4 32. Bc7 R8d7 33. Bg3 f5 34. Qe1 Kf7 35. Qe2 Bf6 36. c3 Rd3 37. Qa2 Rxc3 38. a4 g5 39. b5 cxb5 40. axb5 axb5 41. Qa5 Rb3 42. Bb8 Rb2 43.
Qa3 c3 44. Ba7 f4 45. Be3 fxe3 46. Qc5 Rxf2+ 0-1

[Event "*** Titled Tuesday Blitz"]
[Site "Chess.com"]
[Date "2020.04.28"]
[Round "8"]
[White "Sadykov_Ramil"]
[Black "karwowskikacper"]
[Result "1-0"]
[WhiteElo "2511"]
[BlackElo "2341"]
[TimeControl "180+1"]
[EndTime "11:35:53 PDT"]
[Termination "Sadykov_Ramil won by resignation"]

1. e4 c5 2. Nf3 e6 3. d4 cxd4 4. Nxd4 Nc6 5. Nc3 Qc7 6. Be3 a6 7. Qf3 Nf6 8. O-O-O Be7 9. g4 h5 10. gxh5 Rxh5 11. Nxc6 dxc6 12. h4 e5 13. Qg2 g6 14.
Be2 Rh8 15. h5 gxh5 16. Bxh5 Nxh5 17. Rxh5 Rxh5 18. Qg8+ Bf8 19. Bc5 Qe7 20. Bxe7 Kxe7 21. Na4 Be6 22. Qg3 Rd8 23. Qa3+ c5 24. Qxc5+ Kf6 25.
Rxd8 Rh1+ 26. Rd1 Bh6+ 27. Qe3 Bxe3+ 28. fxe3 Rh3 29. Kd2 Bd7 30. Nc3 Bc6 31. Rf1+ Ke6 32. Kd3 b5 33. b4 Rh8 34. Ke2 Rc8 35. Rh1 Bb7 36. Rh6+ f6 37. Kd3 Rc4 38. Rh7 Bc8 39. a3 Kd6 40. Nd5 f5 41. Rh6+ Kd7 42. Nb6+ Kc7 43.
Nxc4 fxe4+ 44. Kc3 bxc4 45. Kxc4 Bb7 46. Kc5 Kd7 47.
Rh7+ Kc8 48. Kd6 Kb8 49. Kxe5 Bc6 50. c4 Ba4 51. Kd6 Kc8 52. c5 Bb5 53. c6 Kb8 54. Rh8+ Ka7 55. c7 1-0

[Event "*** Titled Tuesday Blitz"]
[Site "Chess.com"]
[Date "2020.04.28"]
[Round "8"]
[White "PetrolulSah"]
[Black "PavelChernomordik"]
[Result "1-0"]
[WhiteElo "2227"]
[BlackElo "2395"]
[TimeControl "180+1"]
[EndTime "11:35:53 PDT"]
[Termination "PetrolulSah won by resignation"]

1. d4 g6 2. e4 Bg7 3. c4 Nc6 4.
d5 Nd4 5. Ne2 e5 6. Nxd4 exd4 7.
Bd3 d6 8. O-O Nf6 9. f4 Ng4 10.
Qe2 c6 11. h3 Ne3 12. Bxe3 dxe3 13. Nc3 Qb6 14. Nd1 Bd4 15. Kh2 O-O 16. Re1 cxd5 17.
cxd5 f5 18. exf5 Bxf5 19. g3 Rae8 20. Rb1 Qc5 21. Nc3 a6 22. Rbc1 Qb4 23. Bxf5 Rxf5 24. Rc2 Qb6 25. Qd3 Rf7 26. Ree2 Kg7 27. Ne4 h6 28.
Nxd6 Qxd6 29. Qxd4+ Kh7 30. Rc3 Rfe7 31. Rcxe3 Rxe3 32. Rxe3 Rxe3 33. Qxe3 Qxd5 34. Qe7+ Kg8 35. Qe8+ Kg7 36.
Qe7+ Kg8 37. Qe2 Kf7 38. b3 b5 39. Qg2 Qd7 40. h4 h5 41. Qf3 Qd2+ 42. Qg2 Qd7 43.
Qe2 Qd4 44. Kg2 Qd5+ 45. Kf2 Qd4+ 46. Kf1 Qa1+ 47. Kg2 Qd4 48. Qc2 Qd5+ 1-0

[Event "*** Titled Tuesday Blitz"]
[Site "Chess.com"]
[Date "2020.04.28"]
[Round "8"]
[White "Lion-Al-Messi"]
[Black "jposthuma"]
[Result "0-1"]
[WhiteElo "2440"]
[BlackElo "2586"]
[TimeControl "180+1"]
[EndTime "11:35:54 PDT"]
[Termination "jposthuma won on time"]

1. d4 Nf6 2. Nf3 c5 3. d5 b5 4. a4 Bb7 5. axb5 Bxd5 6. Bg5 e6 7. e3 Be7 8. Nc3 Bb7 9. Be2 O-O 10. O-O h6 11. Bf4 d6 12. Bg3 Nh5 13. e4 Nxg3 14.
hxg3 a6 15. bxa6 Nxa6 16. Bb5 Nc7 17. Bd3 d5 18. e5 Rxa1 19. Qxa1 Qa8 20. Qe1 d4 21.
Ne4 c4 22. Nxd4 cxd3 23. cxd3 Bxe4 24. dxe4 Bc5 25. Nc2 Rb8 26. Qc3 Qa7 27. b4 Bb6 28. Kh2 Nb5 29. Qd3 Nd4 30. Ne3 Rd8 31. Ng4 Nc6 32.
Qc3 Ne7 33. Qf3 h5 34. Ne3 Bxe3 35. fxe3 Ng6 36. Qxh5 Qxe3 37. Qg4 Nxe5 38. Qh4 Qh6 39. Qxh6 gxh6 40. Rf6 Ng4+ 0-1

[Event "*** Titled Tuesday Blitz"]
[Site "Chess.com"]
[Date "2020.04.28"]
[Round "8"]
[White "DinaBelenkaya"]
[Black "Piotrek1979"]
[Result "0-1"]
[WhiteElo "2199"]
[BlackElo "2404"]
[TimeControl "180+1"]
[EndTime "11:35:54 PDT"]
[Termination "Piotrek1979 won on time"]

1. e4 c5 2. Nc3 Nc6 3. d3 g6 4. g3 Bg7 5. Bg2 Rb8 6. Nge2 b5 7.
Be3 b4 8. Nd5 e6 9. Ndf4 d6 10.
O-O Nge7 11. c3 bxc3 12. bxc3 Ba6 13. Qd2 O-O 14. Rab1 Qa5 15. h4 Ne5 16. c4 Qa3 17. Qc2 N7c6 18. Rb3 Rxb3 19. Qxb3 Qa5 20. a3 Rb8 21.
Qa2 Nxc4 22. dxc4 Rb2 23. Qa1 Rxe2 24. Qc1 Ra2 25. Rd1 Nd4 26. Bxd4 Bxd4 27. h5 Bxf2+ 28. Kh2 Bd4 29. Nd3 Qc3 30. Qg5 Bf6 31. Qg4 Kg7 32. h6+ Kxh6 33. Qf4+ Kg7 34. Ne1 Qb2 35. Qxd6 Be5 36.
Qxa6 Qf2 37. Kh1 Qxg3 38. Kg1 Qh2+ 39. Kf1 Bg3 0-1

[Event "*** Titled Tuesday Blitz"]
[Site "Chess.com"]
[Date "2020.04.28"]
[Round "8"]
[White "Khamrakulov_Djurabek"]
[Black "Arjun2002"]
[Result "1-0"]
[WhiteElo "2824"]
[BlackElo "2692"]
[TimeControl "180+1"]
[EndTime "11:35:55 PDT"]
[Termination "Khamrakulov_Djurabek won by checkmate"]

1. e4 c5 2. c3 d5 3. exd5 Qxd5 4. d4 Nc6 5. Nf3 Bf5 6. Be3 Nf6 7. Na3 cxd4 8. Nb5 O-O-O 9. Nbxd4 Ng4 10. Nxf5 Qxf5 11. Qa4 Nxe3 12. fxe3 e6 13. Bb5 Qc5 14. Ke2 Ne5 15. Rhd1 Be7 16. Rd4 Kb8 17. Rad1 Nxf3 18. gxf3 Rxd4 19.
Rxd4 Qe5 20. Rd7 Qxh2+ 21. Kd1 Rd8 22. Rxd8+ Bxd8 23. Qd4 Bb6 24. Qxg7 a6 25. Be2 Bxe3 26. Qxf7 Qg1+ 27. Kc2 Qe1 28. Bc4 Bc1 29. Qf8+ Ka7 30. Qc5+ Kb8 31. Qd6+ Ka7 32. Bxe6 Be3 33. Kb3 Qe2 34.
Bc4 Qxf3 35. Bd5 Qe2 36. a4 Qd3 37. Qd7 Qd1+ 38. Ka2 Kb6 39. Qxb7+ Kc5 40. Qc6# 1-0

[Event "*** Titled Tuesday Blitz"]
[Site "Chess.com"]
[Date "2020.04.28"]
[Round "8"]
[White "Durarbayli"]
[Black "johnathan113"]
[Result "1-0"]
[WhiteElo "2804"]
[BlackElo "2649"]
[TimeControl "180+1"]
[EndTime "11:35:55 PDT"]
[Termination "Durarbayli won by checkmate"]

1. e4 c5 2. b3 g6 3. Bb2 Nf6 4. Qf3 d6 5. Bb5+ Bd7 6. Bxf6 exf6 7.
Bxd7+ Nxd7 8. Nc3 Bg7 9. Nge2 O-O 10. Qg3 b5 11. Qxd6 b4 12. Na4 f5 13. Rd1 fxe4 14. Nxc5 Nxc5 15. Qxc5 a5 16. Qe3 Rc8 17. c4 f5 18. d4 exd3 19. Rxd3 Qf6 20. O-O Rfe8 21.
Qd2 a4 22. Nf4 axb3 23. axb3 Kh8 24. Nd5 Qh4 25. Qxb4 Re4 26. g3 Qh3 27. Re3 Rf8 28. Rxe4 fxe4 29. Qe7 Qg4 30. b4 Qe2 31. Ne3 Kg8 32.
Qxe4 Bh6 33. Qe6+ Kh8 34. Qe5+ Kg8 35. Qe6+ Kh8 36. c5 Rxf2 37. Rxf2 Bxe3 38. Qf6+ Kg8 39.
Qf8# 1-0

[Event "*** Titled Tuesday Blitz"]
[Site "Chess.com"]
[Date "2020.04.28"]
[Round "8"]
[White "MiroVlasenko"]
[Black "petrkostenko"]
[Result "0-1"]
[WhiteElo "2595"]
[BlackElo "2344"]
[TimeControl "180+1"]
[EndTime "11:35:55 PDT"]
[Termination "petrkostenko won by checkmate"]

1. d4 e6 2. Bf4 f5 3. e3 Nf6 4. Nf3 Be7 5. h3 O-O 6. Nbd2 d6 7. Bc4 Nc6 8. Qe2 Qe8 9. g4 Nd5 10. Bh2 Nb6 11. Bb3 Na5 12. gxf5 Nxb3 13. axb3 exf5 14. Rg1 Bd7 15. Bf4 Kh8 16. Ng5 Nd5 17. Qf3 Nxf4 18.
Qxf4 Qh5 19. Ngf3 a5 20. Rg3 b5 21. O-O-O a4 22. Rdg1 Rf7 23. Ng5 Bxg5 24. Rxg5 Qh6 25.
Qf3 Re8 26. b4 Qf6 27. Qd5 c6 28. Qg2 c5 29. bxc5 dxc5 30. Nf3 Bc6 31. h4 cxd4 32.
exd4 a3 33. bxa3 Bxf3 34. Qxf3 Qxd4 35. Qd3 Qxh4 36. Rxf5 Rxf5 37. Qxf5 Qe7 38. Qd3 b4 39. Rh1 h6 40. a4 Qe5 41. Kb1 Rf8 42. Rf1 Qc5 43. f4 Qc6 44. a5 Ra8 45. f5 Qf6 46. Qb5 Kh7 47. Rf4 Rd8 48. Ka2 Rd1 49. Rc4 Qa1+ 50. Kb3 Qa3# 0-1

[Event "*** Titled Tuesday Blitz"]
[Site "Chess.com"]
[Date "2020.04.28"]
[Round "8"]
[White "Casablanca"]
[Black "Yuri202062"]
[Result "0-1"]
[WhiteElo "2406"]
[BlackElo "2555"]
[TimeControl "180+1"]
[EndTime "11:35:55 PDT"]
[Termination "Yuri202062 won by resignation"]

1. d4 d5 2. c4 e6 3. Nc3 c6 4.
Nf3 Nf6 5. Bg5 dxc4 6. e4 b5 7.
e5 h6 8. Bh4 g5 9. Nxg5 hxg5 10. Bxg5 Nbd7 11. exf6 Bb7 12. g3 Qb6 13. Bg2 O-O-O 14.
O-O c5 15. d5 b4 16. Na4 Qb5 17. a3 Nb8 18. axb4 cxb4 19. Qe2 Bxd5 20. h4 Bxg2 21. Kxg2 Rd3 22. Rfd1 Qd5+ 23. Kg1 Nc6 24.
Rxd3 cxd3 25. Qe3 Nd4 26. Rc1+ Kb7 27. Bf4 Ne2+ 28. Kh2 Nxc1 29. Qxc1 Bd6 30. Bxd6 Qxd6 31. Nc5+ Kb8 32. Qc4 Rxh4+ 33. Qxh4 Qxc5 34. Qf4+ Kb7 35. Qf3+ Qd5 36. Qf4 a5 37. Qd2 Ka6 38. Kg1 Kb5 39.
Kf1 a4 40. Ke1 a3 41. bxa3 bxa3 42. f4 Qc4 43. Kd1 Qb3+ 44. Kc1 a2 45. Qb2 Qxb2+ 46.
Kxb2 d2 47. Kxa2 0-1

[Event "*** Titled Tuesday Blitz"]
[Site "Chess.com"]
[Date "2020.04.28"]
[Round "8"]
[White "awesomevishesh"]
[Black "Cocaino74"]
[Result "1-0"]
[WhiteElo "2502"]
[BlackElo "2332"]
[TimeControl "180+1"]
[EndTime "11:35:55 PDT"]
[Termination "awesomevishesh won by resignation"]

1. d4 d5 2. c4 e6 3. Nf3 c6 4. g3 dxc4 5. Bg2 b5 6. O-O Bb7 7. a4 a6 8. b3 cxb3 9. Qxb3 Nd7 10. Bb2 Ngf6 11. Nbd2 Be7 12. Rfd1 O-O 13. Ne5 Qb6 14.
Ndf3 bxa4 15. Qc2 c5 16. Nxd7 Nxd7 17. Rxa4 Bd5 18. Nd2 Bxg2 19. Kxg2 Rfc8 20. Rc4 Qb7+ 21. Nf3 Nb6 22. Rc3 cxd4 23. Rxc8+ Rxc8 24. Qd3 e5 25. e4 Na4 26. Ba1 Nc5 27. Qb1 Qxe4 28. Qxe4 Nxe4 29.
Nxe5 Bf6 30. Bxd4 Rd8 31. Nc6 Rd6 32. Re1 Bxd4 33. Rxe4 f5 34. Ne7+ Kf7 35. Nxf5 Re6 36. Rxe6 g6 37. Nxd4 1-0

[Event "*** Titled Tuesday Blitz"]
[Site "Chess.com"]
[Date "2020.04.28"]
[Round "8"]
[White "Khayala13"]
[Black "ehrenfeld"]
[Result "1-0"]
[WhiteElo "2343"]
[BlackElo "2474"]
[TimeControl "180+1"]
[EndTime "11:35:55 PDT"]
[Termination "Khayala13 won by resignation"]

1. e4 e5 2. Nf3 Nc6 3. c3 Nf6 4.
d4 exd4 5. e5 Nd5 6. cxd4 Bb4+ 7.
Bd2 d6 8. Bb5 Bxd2+ 9. Qxd2 O-O 10. O-O Bg4 11. Ng5 f6 12. exf6 Nxf6 13. Nc3 d5 14.
Rfe1 Qd6 15. h3 Bf5 16. Nf3 Ne4 17. Nxe4 Bxe4 18. Ne5 Nxe5 19. dxe5 Qb6 20. Ba4 Rad8 21. Bb3 Kh8 22. Rad1 Bf5 23. Qg5 Be6 24. Re3 c5 25.
Rg3 Qc7 26. Bc2 Qf7 27. Rf3 Qg8 28. Rg3 Qf7 29. Rf3 Qe8 30. Qh4 h6 31. Rg3 Qf7 32.
Rf3 Qc7 33. Rxf8+ Rxf8 34. Qh5 Qf7 35. Qe2 Qf4 36. f3 h5 37. Qd3 Bf5 38. Qc3 Bxc2 39. Qxc2 Qxe5 40. Qxc5 Rd8 41. Kh1 h4 42. Qxa7 d4 43.
Qxb7 d3 44. Qe4 Qxe4 45. fxe4 Kh7 46. Kg1 Kg6 47. Kf2 Kg5 48. Ke3 Kf6 49. Rxd3 1-0